 Dungeon Crawl Stone Soup version 0.31-a0-188-g5e087ee2ca (webtiles) character file.

Game seed: 12336772577784948841

55 qw the Shooter (level 3, -1/20 HPs)
             Began as a Deep Elf Hunter on June 23, 2023.
             Slain by Sigmund
             ... wielding a +0 scythe
              (3 damage)
             ... on level 3 of the Dungeon.
             The game lasted 00:00:34 (1666 turns).

qw the Shooter (Deep Elf Hunter)                    Turns: 1666, Time: 00:00:35

Health: -1/20      AC:  6    Str:  8 (10) XL:     3   Next: 67%
Magic:  5/5        EV: 10    Int: 12 (13) God:
Gold:   226        SH:  0    Dex: 16 (18) Spells: 2/2 levels left

rFire   . . .        Y - +0 shortbow
rCold   . . .        (shield currently unavailable)
rNeg    . . .        h - +1 ring mail
rPois   .            (no helmet)
rElec   .            (no cloak)
rCorr   .            (no gloves)
SInv    .            (no boots)
Will    .....        a - amulet of regeneration
Stlth   +            (no ring)
HPRegen 1.03/turn    (no ring)
MPRegen 0.09/turn

%: no passive effects
@: no status effects
A: no striking features
a: no special abilities


You were on level 3 of the Dungeon.
You visited 1 branch of the dungeon, and saw 3 of its levels.

You collected 226 gold pieces.


   Skills:
 - Level 1.5 Fighting
 + Level 7.2 Ranged Weapons
 - Level 2.4 Dodging
 - Level 1.2 Stealth


You had 2 spell levels left.
You didn't know any spells.
Your spell library was empty.

Inventory:

Hand Weapons
 Y - a +0 shortbow (weapon)
Armour
 h - a +1 ring mail (worn)
Jewellery
 a - an amulet of regeneration (around neck)
Potions
 e - a potion of invisibility {unknown}
 g - a potion of resistance {unknown}

Dungeon Overview and Level Annotations

Branches:
Dungeon (3/15)

Altars:

Annotations:
D:1 1 transporter
D:3 Sigmund


Message History

(D) Dungeon
Where to? (* - list waypoints, Enter - D:3, ? - help)
What level of the Dungeon? (default 1, ? - help)
You climb downwards.
Level annotation: Sigmund
There is a stone staircase leading up here.
There is a strange disturbance nearby!
1653 ||| Stepping randomly (disturbance).
1654 ||| Stepping randomly (disturbance).
Something hits you.
Deactivating autopickup; reactivate with Ctrl-A.
Autopickup is now on.
You start resting.
Something hits you.
Deactivating autopickup; reactivate with Ctrl-A.
Autopickup is now on.
You start resting.
There is a strange disturbance nearby!
1657 ||| Stepping randomly (disturbance).
Something hits you!
Deactivating autopickup; reactivate with Ctrl-A.
You shoot an arrow.
A magic dart appears from out of thin air!
The magic dart hits you.
You shoot an arrow. Something hits you.
You shoot an arrow. Something hits you.
You shoot an arrow. You shoot an arrow. Something hits you!
You shoot an arrow. Something hits you.
You shoot an arrow. Something hits you but does no damage.
You shoot an arrow. Something hits you.
You shoot an arrow. Something hits you.
You die...

.. .#
.. .#
#. .#
#.##..
..#.#
#.#.###
#{#...#
#<..#
#@#.#
#...#
#####


There were no monsters in sight!

Vanquished Creatures
  An adder (D:2)
  4 dart slugs (D:1)
  An orc (D:2)
  2 ball pythons
  4 endoplasms
  2 giant cockroaches (D:2)
  6 goblins
  4 hobgoblins
  2 bats (D:1)
  6 frilled lizards
  4 rats
36 creatures vanquished.

Notes
Turn   | Place    | Note
-------+----------+-------------------------------------------
     0 | D:1      | qw the Deep Elf Hunter began the quest for the Orb.
     0 | D:1      | Reached XP level 1. HP: 12/12 MP: 3/3
     0 | D:1      | 0 ||| qw: Version: 0.3-a-9-g12657ce
     0 | D:1      | 0 ||| qw: Game counter: 4126
     0 | D:1      | 0 ||| qw: Always use a shield: true
     0 | D:1      | 0 ||| qw: God list: Okawaru
     0 | D:1      | 0 ||| qw: Allow faded altars: false
     0 | D:1      | 0 ||| qw: Do Orc after D:15 true
     0 | D:1      | 0 ||| qw: Do second Lair branch before Depths: true
     0 | D:1      | 0 ||| qw: Lair rune preference: random
     0 | D:1      | 0 ||| qw: Plans: Normal
     0 | D:1      | 0 ||| PLANNING D:1-11
   173 | D:1      | 173 ||| FLEEEEING.
   193 | D:1      | Reached XP level 2. HP: 16/16 MP: 4/4
   236 | D:1      | Reached skill level 6 in Ranged Weapons
   736 | D:1      | Found a faded altar of an unknown god.
   976 | D:1      | 976 ||| READING scroll labelled IVIOTH JUNGA.
   977 | D:1      | 977 ||| DRINKING 2 smoky golden potions.
   978 | D:1      | 978 ||| DROPPING scroll of butterflies.
   979 | D:1      | 979 ||| DROPPING potion of degeneration.
  1034 | D:2      | 1034 ||| STAIRDANCE
  1038 | D:1      | Reached XP level 3. HP: 19/20 MP: 5/5
  1396 | D:2      | Reached skill level 7 in Ranged Weapons
  1576 | D:2      | 1576 ||| UPGRADING to +0 scale mail.
  1586 | D:2      | 1586 ||| DROPPING +0 leather armour.
  1587 | D:2      | 1587 ||| UPGRADING to +0 ring mail.
  1597 | D:2      | 1597 ||| DROPPING +0 scale mail.
  1598 | D:2      | 1598 ||| UPGRADING to amulet of regeneration.
  1603 | D:2      | 1603 ||| READING scroll labelled PIBAZX DAESEOW.
  1608 | D:2      | 1608 ||| READING 2 scrolls labelled POPUGGADOTAP.
  1609 | D:2      | 1609 ||| READING scroll of enchant armour.
  1609 | D:2      | 1609 ||| ENCHANTING +0 ring mail.
  1610 | D:2      | 1610 ||| DRINKING 2 fizzy pink potions.
  1611 | D:2      | 1611 ||| DRINKING 2 murky orange potions.
  1612 | D:2      | 1612 ||| DRINKING potion of curing.
  1612 | D:2      | 1612 ||| (to cure confusion)
  1613 | D:2      | 1613 ||| DROPPING potion of ambrosia.
  1634 | D:3      | Noticed Sigmund
  1639 | D:3      | 1639 ||| STAIRDANCE
  1646 | D:3      | 1646 ||| STAIRDANCE
  1653 | D:3      | 1653 ||| Stepping randomly (disturbance).
  1654 | D:3      | 1654 ||| Stepping randomly (disturbance).
  1657 | D:3      | 1657 ||| Stepping randomly (disturbance).
  1662 | D:3      | HP: 3/20 [something (9)]
  1665 | D:3      | HP: 1/20 [something (4)]
  1666 | D:3      | Slain by Sigmund

Levels and vault maps discovered:
D:1:      spicycebolla_arrival_risky_transporter, layout_loops_corners,
          shapermc_ecumenical_altar_ellora
D:2:      layout_loops_ring, wad_woods_river_04
D:3:      layout_basic, serial_shops, shop, uniq_sigmund

Skill      XL: |  1  2  3 |
---------------+----------+-----
Ranged Weapons | 6 7 |  7.2
Fighting       | |  1.5
Dodging        | |  2.4
Stealth        | |  1.2

Action                     || total
---------------------------++-------
   Fire: Shortbow          ||   105
    Use: Scroll            ||     4
         Potion            ||     4
 Armour: Leather armour    ||     5
         Ring mail         ||     1
  Dodge: Dodged            ||    13

Table legend:
 A = Non-vault XP
 B = Vault XP
 C = Vault XP percentage of total XP
 D = Non-vault monster count
 E = Vault monster count
 F = Vault count percentage of total count
                 A         B        C        D         E       F
            +---------+---------+-------+---------+---------+-------
      Total |      79 |       0 |   0.0 |      36 |       0 |   0.0
            +---------+---------+-------+---------+---------+-------
        D:1 |      39 |       0 |   0.0 |      19 |       0 |   0.0
        D:2 |      37 |       0 |   0.0 |      15 |       0 |   0.0
        D:3 |       3 |       0 |   0.0 |       2 |       0 |   0.0
            +---------+---------+-------+---------+---------+-------
